 Dungeon Crawl Stone Soup version 0.18.1-8-gdd0e5ea (webtiles) character file.

772 smeego the Ogre Mage (level 7, 0/72 HPs)
             Began as an Ogre Wanderer on May 21, 2016.
             Was a Follower of Ashenzari.
             Slain by Prince Ribbit (11 damage)
             ... on level 6 of the Dungeon.
             The game lasted 00:14:55 (7075 turns).

smeego the Ogre Mage (Ogre Wanderer)                Turns: 7075, Time: 00:14:56

Health: 0/72       AC:  6    Str: 15 (18) XL:     7   Next: 83%
Magic:  13/15      EV: 13    Int:  9 (11) God:    Ashenzari [*.....]
Gold:   299        SH:  0    Dex: 15 (17) Spells: 2 memorised, 14 levels left

rFire  . . .     SeeInvis .     p - +0 giant club (curse)
rCold  . . .     Gourm    .     d - +0 robe (curse)
rNeg   . . .     Faith    .     (shield currently unavailable)
rPois  .         Spirit   .     (helmet restricted)
rElec  .         Dismiss  .     G - +2 cloak (curse)
rCorr  .         Reflect  .     (gloves unavailable)
SustAt .         Harm     .     (boots unavailable)
MR     .....                    (no amulet)
Stlth  ++........               C - +6 ring of dexterity (curse)
                                B - +4 ring of evasion (curse)

@: not resistant to hostile enchantments, unstealthy
A: unfitting armour, tough skin 1
a: Curse Item, Scrying, Renounce Religion


You were on level 6 of the Dungeon.
You worshipped Ashenzari.
Ashenzari was aware of your devotion.
You were hungry.

You visited 1 branch of the dungeon, and saw 7 of its levels.

You collected 299 gold pieces.

Inventory:

Hand Weapons
 c - a +1 mace
 g - a +0 mace
 j - a +2 short sword of venom
 p - a cursed +0 giant club (weapon)
Missiles
 q - 3 javelins (quivered)
 y - 6 tomahawks
Armour
 d - a cursed +0 robe (worn)
 m - a +0 animal skin
 G - a cursed +2 cloak (worn)
Jewellery
 B - a cursed +4 ring of evasion (left hand)
 C - a cursed +6 ring of dexterity (right hand)
Wands
 v - a wand of slowing (10/48)
Scrolls
 e - a scroll of immolation
 h - 4 scrolls of remove curse
 i - 4 scrolls of amnesia
 l - 4 scrolls of identify
 o - 4 scrolls of fog
 t - a scroll of recharging {unknown}
 z - a scroll of enchant weapon
Potions
 k - a potion of resistance
 n - a potion of haste
 r - 4 potions of curing
 A - a potion of heal wounds
 D - a potion of flight
 E - a potion of agility
Books
 a - a book of Minor Magic

   Spells                             Type                      Level
   a - Magic Dart                     Conjuration                  1
   b - Blink                          Translocation                2
   c - Call Imp                       Summoning                    2
   d - Repel Missiles                 Charms/Air                   2
   e - Slow                           Hexes                        2
   f - Conjure Flame                  Conjuration/Fire             3
   g - Mephitic Cloud                 Conjuration/Poison/Air       3
 b - the Catalogue of Toxins

   Spells                             Type                      Level
   a - Sting                          Conjuration/Poison           1
   b - Spider Form                    Transmutation/Poison         3
 x - a book of the Dragon

   Spells                             Type                      Level
   a - Flame Tongue                   Conjuration/Fire             1
   b - Cause Fear                     Hexes                        4
   c - Bolt of Fire                   Conjuration/Fire             6
   d - Dragon Form                    Transmutation                7
   e - Dragon's Call                  Summoning                    9
 F - a book of Misfortune

   Spells                             Type                      Level
   a - Confusing Touch                Hexes                        2
   b - Confuse                        Hexes                        3
   c - Gell's Gravitas                Hexes/Translocation          3
   d - Petrify                        Transmutation/Earth          4
   e - Metabolic Englaciation         Hexes/Ice                    5
   f - Yara's Violent Unravelling     Hexes/Transmutation          5
Comestibles
 f - 3 bread rations
 u - 3 meat rations
 w - a beef jerky


   Skills:
 - Level 5.0 Fighting
 - Level 5.1 Maces & Flails
 - Level 1.3 Throwing
 - Level 1.0 Dodging
 - Level 1.0 Stealth
 * Level 5.9 Spellcasting
 * Level 2.7 Summonings
   Level 2.1 Translocations


You had 14 spell levels left.
You knew the following spells:

 Your Spells              Type           Power        Failure   Level  Hunger
a - Magic Dart            Conj           #...         28%         1    None
b - Call Imp              Summ           #.......     12%         2    ##.....


Dungeon Overview and Level Annotations

Branches:
Dungeon (7/15)             Temple (0/1) D:5

Altars:
Ashenzari
Fedhas
Sif Muna
Trog
Zin

Annotations:
D:2 Sigmund
D:5 exclusion: oklob plant
D:6 Prince Ribbit


Innate Abilities, Weirdness & Mutations

You are too large for most types of armour.
You have tough skin (AC +1).


Message History

There is a stone staircase leading down, spattered with blood here.
Drink which item? (? for menu, Esc to quit)
You feel better. The killer bee stings you.
* * * LOW HITPOINT WARNING * * *
The killer bee stings you.
* * * LOW HITPOINT WARNING * * *
Prince Ribbit barely misses you.
The sky beast flickers out of sight!
Deactivating autopickup; reactivate with Ctrl-A.
Unknown command.
Drink which item? (? for menu, Esc to quit)
You feel much better. The killer bee stings you! Prince Ribbit hits you!
* * * LOW HITPOINT WARNING * * *
The killer bee closely misses you.
Read which item? (? for menu, Esc to quit)
As you read the scroll labeled UBRUBI OTZINUCK, it crumbles to dust.
It is a scroll of enchant armour.
Enchant which item? (? for menu, Esc to quit)
Your cursed +1 cloak glows green for a moment.
The killer bee barely misses you. Prince Ribbit hits you!
You die...

#..........##
#.........)#
#..........#
#..<.......##
#............
#.........###
#.........#
###########.........#
#..yyF@y{y..........#
#.###############.#.#
#.# #.#.# #F# #.#.#
#.# ##.#.# #)#######
#....# #.[..F..#
#..### #######.# #..#
#.# #..#####


You could see Prince Ribbit and 4 killer bees.

Vanquished Creatures
  A phantom (D:6)
  An ogre (D:3)
  A centaur (D:3)
  2 jellies
  2 orc wizards
  An iguana (D:5)
  2 worker ants (D:5)
  Robin (D:2)
  A river rat (D:4)
  6 adders
  An ooze (D:1)
  4 worms
  2 dart slugs
  8 giant geckos
  11 orcs
  A ball python (D:3)
  2 giant cockroaches
  20 goblins
  20 hobgoblins
  9 jackals
  13 kobolds
  4 quokkas
  8 bats
  9 giant newts
  A quokka skeleton (D:4)
  5 rats
136 creatures vanquished.

Vanquished Creatures (collateral kills)
  A centaur (D:5)
  A scorpion (D:5)
  A worker ant (D:4)
  A hound skeleton (D:5)
  An ooze (D:3)
  A giant gecko (D:5)
  2 orcs (D:6)
  2 hobgoblins (D:3)
10 creatures vanquished.

Vanquished Creatures (others)
  9 toadstools (D:5)
9 creatures vanquished.

Grand Total: 155 creatures vanquished

Notes
Turn   | Place    | Note
--------------------------------------------------------------
     0 | D:1      | smeego the Ogre Wanderer began the quest for the Orb.
     0 | D:1      | smeego set off with: a book of Minor Magic, the Catalogue of Toxins, a +0 mace, a +0 robe, a bread ration
     0 | D:1      | Reached XP level 1. HP: 19/19 MP: 3/3
     0 | D:1      | Identified the Catalogue of Toxins
     2 | D:1      | Learned a level 1 spell: Magic Dart
   149 | D:1      | Reached XP level 2. HP: 25/28 MP: 5/5
   683 | D:1      | Reached XP level 3. HP: 35/36 MP: 6/6
  1547 | D:2      | Reached XP level 4. HP: 43/45 MP: 7/7
  1599 | D:2      | Noticed Robin
  1612 | D:2      | Found a deep blue altar of Sif Muna.
  2149 | D:2      | Killed Robin
  2756 | D:2      | Noticed Sigmund
  3015 | D:3      | Reached XP level 5. HP: 54/54 MP: 8/8
  3027 | D:3      | Found a bloodstained altar of Trog.
  3045 | D:3      | Noticed a centaur
  3056 | D:3      | Killed a centaur
  3056 | D:3      | Reached skill level 5 in Maces & Flails
  3061 | D:3      | Learned a level 2 spell: Call Imp
  3843 | D:3      | Reached skill level 5 in Fighting
  3972 | D:3      | Reached XP level 6. HP: 64/66 MP: 7/10
  4207 | D:3      | Found a shattered altar of Ashenzari.
  4432 | D:3      | Reached skill level 1 in Summonings
  4514 | D:3      | Became a worshipper of Ashenzari the Shackled
  4785 | D:5      | Entered Level 5 of the Dungeon
  4816 | D:5      | Found a staircase to the Ecumenical Temple.
  5342 | D:5      | Reached * piety under Ashenzari
  5350 | D:5      | Reached XP level 7. HP: 58/72 MP: 8/13
  5420 | D:5      | Found a blossoming altar of Fedhas.
  5441 | D:5      | Noticed an oklob plant
  5774 | D:5      | Found a glowing silver altar of Zin.
  5964 | D:4      | You fall through a shaft for 2 floors!
  6021 | D:6      | Reached skill level 5 in Spellcasting
  6353 | D:6      | Noticed Prince Ribbit
  7072 | D:6      | HP: 2/72 [Prince Ribbit (15)]
  7075 | D:6      | Slain by Prince Ribbit

Skill      XL: |  1  2  3  4  5  6  7 |
---------------+----------------------+-----
Maces & Flails | 2 3 4 5 |  5.1
Fighting       | 2 3 4 5 |  5.0
Spellcasting   | 4 5 |  5.9
Summonings     | 1 2 |  2.7
Throwing       | |  1.3
Dodging        | |  1.0
Stealth        | |  1.0
Translocations | |  2.1

Action                   |  1- 3 |  4- 6 |  7- 9 || total
-------------------------+-------+-------+-------++-------
Melee: Mace              |   136 |   145 |       ||   281
       Giant club        |       |    51 |   103 ||   154
Throw: Javelin           |       |    13 |       ||    13
 Cast: Magic Dart        |       |    14 |     3 ||    17
       Call Imp          |       |    19 |    20 ||    39
Invok: Curse Item        |       |     2 |     3 ||     5
  Use: Potion            |     1 |     2 |     6 ||     9
       Scroll            |       |     9 |     3 ||    12
 Stab: Sleeping          |     2 |       |       ||     2
       Distracted        |       |     1 |     1 ||     2
  Eat: Chunk             |     2 |    15 |     6 ||    23
Armor: Robe              |    57 |    46 |    35 ||   138
Dodge: Dodged            |    93 |   138 |   122 ||   353
